 Dungeon Crawl Stone Soup version 0.28.0-53-g5a82cb258f (webtiles) character file.

Game seed: 13020365427468551818

53 pkoi the Stinger (level 3, 0/26 HPs)
             Began as a Demigod Venom Mage on May 23, 2022.
             Slain by a centaur skeleton (4 damage)
             ... on level 3 of the Dungeon.
             The game lasted 00:03:24 (2700 turns).

pkoi the Stinger (Demigod Venom Mage)               Turns: 2700, Time: 00:03:25

Health: 0/26       AC:  2    Str:  9    XL:     3   Next: 42%
Magic:  9/9        EV: 12    Int: 21    God:
Gold:   75         SH:  0    Dex: 14    Spells: 0/6 levels left

rFire   . . .      SeeInvis .   e - +0 quarterstaff
rCold   . . .      Faith    .   (shield currently unavailable)
rNeg    . . .      Spirit   .   a - +0 robe
rPois   .          Reflect  .   (no helmet)
rElec   .          Harm     .   (no cloak)
rCorr   .          Rampage  .   (no gloves)
Will    .....                   (no boots)
Stlth   ++........              (no amulet)
HPRegen 0.08/turn               (no ring)
MPRegen 0.11/turn               (no ring)

@: no status effects
A: high MP 1, forlorn, divine attributes
a: no special abilities


You were on level 3 of the Dungeon.
You visited 1 branch of the dungeon, and saw 3 of its levels.

You collected 75 gold pieces.

Inventory:

Hand Weapons
 c - a +0 hand axe
 e - a +0 quarterstaff (weapon)
Missiles
 b - 7 poisoned darts
Armour
 a - a +0 robe (worn)
Magical Staves
 k - a staff of poison
Scrolls
 d - a scroll of noise {unknown}
 i - 3 scrolls of teleportation {unknown}
 j - 2 scrolls of torment {unknown}
 m - a scroll of amnesia {unknown}
 n - 2 scrolls of identify {unknown}
Potions
 f - a potion of attraction {unknown}
 g - a potion of brilliance {unknown}
 h - a potion of haste {unknown}
 l - a potion of mutation {unknown}


   Skills:
 - Level 1.7 Dodging
 - Level 1.7 Stealth
 + Level 0.0 Unarmed Combat
 + Level 2.2 Spellcasting
 + Level 1.6 Transmutations
 * Level 3.5 Poison Magic


You couldn't memorise any spells.
You knew the following spells:

 Your Spells              Type           Power      Damage    Failure   Level
a - Sting                 Tmut/Pois      52%        1d5       4%          1
b - Poisonous Vapours     Pois/Air       18%        N/A       11%         2
c - Mephitic Cloud        Conj/Pois/Air  7%         N/A       26%         3

Your spell library contained the following spells:

 Spells                   Type           Power      Damage    Failure   Level
 Olgreb's Toxic Radiance  Pois           17%        N/A       32%         4
 Animate Armour           Summ/Erth      4%         N/A       82%         4
 Blade Hands              Tmut           4%         N/A       90%         5
 Iron Shot                Conj/Erth      1%         9d1       100%        6


Dungeon Overview and Level Annotations

Branches:
Dungeon (3/15)


Innate Abilities, Weirdness & Mutations

You have an increased reservoir of magic. (+10% MP)
You shall have no god before yourself.
Your divine heritage dramatically boosts your attributes as you level up.


Message History

There is a stone staircase leading down here.
You start resting.
You start resting.
HP restored.
You start waiting.
Done waiting.
e - a +0 quarterstaff (weapon)
You climb downwards.
The centaur skeleton hits you. The centaur skeleton kicks you.
The centaur skeleton hits you but does no damage.
The centaur skeleton misses you.
There is a stone staircase leading up here.
Unknown command.
You hit the centaur skeleton.
The centaur skeleton is heavily damaged.
The centaur skeleton hits you.
* * * LOW HITPOINT WARNING * * *
The centaur skeleton kicks you but does no damage.
The centaur skeleton hits you.
* * * LOW HITPOINT WARNING * * *
The centaur skeleton barely misses you.
You hit the centaur skeleton but do no damage.
The centaur skeleton is heavily damaged.
The centaur skeleton barely misses you.
The centaur skeleton kicks you but does no damage.
The centaur skeleton hits you.
* * * LOW HITPOINT WARNING * * *
The centaur skeleton kicks you.
* * * LOW HITPOINT WARNING * * *
You hit the centaur skeleton.
The centaur skeleton is heavily damaged.
The centaur skeleton hits you.
* * * LOW HITPOINT WARNING * * *
The centaur skeleton kicks you.
* * * LOW HITPOINT WARNING * * *
Unknown command.
The centaur skeleton hits you.
* * * LOW HITPOINT WARNING * * *
The centaur skeleton barely misses you. The centaur skeleton hits you.
You die...

.##.
...######
#.......#
#.......#
#.......#
#.......#
#.......#
#....@Z.#
####.###♣♣♣♣
#......≈≈≈P♣
#.##.##≈≈≈P≈
# #.# ≈≈P≈
... ≈≈≈
...♣≈ ≈≈
....♣.P ≈
...... ..


You could see a centaur skeleton.

Vanquished Creatures
  An adder (D:2)
  A worm (D:2)
  A bat (D:2)
  An endoplasm (D:1)
  2 giant cockroaches
  14 goblins
  5 hobgoblins
  3 kobolds (D:2)
  3 ball pythons
  A frilled lizard (D:2)
  4 rats
36 creatures vanquished.

Vanquished Creatures (others)
  2 plants (D:3)
2 creatures vanquished.

Grand Total: 38 creatures vanquished

Notes
Turn   | Place    | Note
-------+----------+-------------------------------------------
     0 | D:1      | pkoi the Demigod Venom Mage began the quest for the Orb.
     0 | D:1      | Reached XP level 1. HP: 14/14 MP: 5/5
    10 | D:1      | You fall into a shaft and drop 1 floor!
    44 | D:2      | Reached skill level 1 in Transmutations
    44 | D:2      | Reached skill level 3 in Poison Magic
    44 | D:2      | Reached XP level 2. HP: 6/20 MP: 0/7
  1498 | D:2      | Reached XP level 3. HP: 26/26 MP: 5/8
  1565 | D:2      | Learned a level 2 spell: Poisonous Vapours
  1569 | D:2      | Learned a level 3 spell: Mephitic Cloud
  2700 | D:3      | Slain by a centaur skeleton

Illustrated notes

Levels and vault maps discovered:
D:1:      lemuel_arrival_tunnels, layout_loops_cross, minmay_quantized
D:2:      kennysheep_the_goblin_king, layout_rooms,
          shapermc_ecumenical_altar_venn, kennysheep_generic_room_14
D:3:      layout_loops_cross, serial_bayou, serial_bayou_pond_b,
          serial_bayou_shore_a, serial_bayou_pond_c, serial_bayou_ford_a,
          grunt_decor_clamped, roderic_batcave

Skill      XL: |  1 |
---------------+----+-----
Spellcasting   | 2 |  2.2
Transmutations | 1 |  1.6
Poison Magic   | 3 |  3.5
Dodging        | |  1.7
Stealth        | |  1.7

Action                   || total
-------------------------++-------
Melee: Quarterstaff      ||     7
       Staff             ||     8
 Cast: Sting             ||    60
Armor: Robe              ||    11
Dodge: Dodged            ||    26
